 Seeded DCSS version 0.29.1-15-g9cfb28693d (webtiles) character file.

Game seed: 6320845443627075161 (custom seed)

5 Psyclone the Firebug (level 1, -2/10 HPs)
             Began as a Deep Elf Fire Elementalist on Sept 23, 2023.
             Killed from afar by a dart slug (6 damage)
             ... with a slug dart
             ... on level 2 of the Dungeon.
             The game lasted 00:00:49 (895 turns).

Psyclone the Firebug (Deep Elf Fire Elementalist)    Turns: 895, Time: 00:00:50

Health: -2/10      AC:  2    Str:  5    XL:     1   Next: 66%
Magic:  0/6        EV: 12    Int: 19    God:
Gold:   64         SH:  0    Dex: 15    Spells: 5/6 levels left

rFire   . . .      SeeInvis .   d - +0 dagger
rCold   . . .      Faith    .   (no shield)
rNeg    . . .      Spirit   .   a - +0 robe
rPois   .          Reflect  .   (no helmet)
rElec   .          Harm     .   (no cloak)
rCorr   .          Rampage  .   (no gloves)
Will    .....                   (no boots)
Stlth   ++........              (no amulet)
HPRegen 0.03/turn               (no ring)
MPRegen 0.10/turn               (no ring)

@: no status effects
A: no striking features
a: no special abilities


You were on level 2 of the Dungeon.
You visited 1 branch of the dungeon, and saw 2 of its levels.

You collected 64 gold pieces.

Inventory:

Hand Weapons
 d - a +0 dagger (weapon)
Armour
 a - a +0 robe (worn)
Magical Staves
 j - a staff of air
Scrolls
 c - 2 scrolls of teleportation {unknown}
 e - 2 scrolls of magic mapping {unknown}
 k - a scroll of vulnerability {unknown}
Potions
 b - a potion of magic
 f - a potion of resistance {unknown}
 g - a potion of curing {unknown}
 h - a potion of haste {unknown}
 i - a potion of brilliance {unknown}


   Skills:
 - Level 2.4 Dodging
 - Level 2.4 Stealth
 - Level 3.0 Spellcasting
 - Level 1.1 Conjurations
 + Level 3.7 Fire Magic


You had 5 spell levels left.
You knew the following spells:

 Your Spells              Type           Power      Damage    Failure   Level
a - Foxfire               Conj/Fire      48%        2x1d6     5%          1

Your spell library contained the following spells:

 Spells                   Type           Power      Damage    Failure   Level
 Scorch                   Fire           34%        2d7       4%          2
 Freeze                   Ice            8%         1d3       16%         1
 Conjure Flame            Conj/Fire      12%        6-21      17%         3
 Inner Flame              Hex/Fire       9%         N/A       22%         3
 Frozen Ramparts          Ice            4%         1d1       41%         3
 Flame Wave               Conj/Fire      12%        2d6       50%         4
 Hailstorm                Conj/Ice       4%         3d4       77%         4


Dungeon Overview and Level Annotations

Branches:
Dungeon (2/15) Zot: 11104

Altars:

Shops:
D:2 :


Message History

Casting: Foxfire (safe; 5% risk of failure)
Confirm with . or Enter, or press ? or * to list all spells.
You conjure some foxfire!
Your foxfire dissipates!
You now have 4/6 mp.
The foxfire hits the dart slug.
The dart slug is lightly wounded.
The dart slug launches a dart at you. The slug dart hits you.
Casting: Foxfire (safe; 5% risk of failure)
Confirm with . or Enter, or press ? or * to list all spells.
You conjure some foxfire!
You take 3 damage, and have 7/10 hp.
MASSIVE DAMAGE!!
You now have 3/6 mp.
Your foxfire dissipates!
The foxfire hits the dart slug.
The dart slug is moderately wounded.
Casting: Foxfire (safe; 5% risk of failure)
Confirm with . or Enter, or press ? or * to list all spells.
You conjure some foxfire!
Your foxfire dissipates!
You now have 2/6 mp.
The foxfire hits the dart slug.
The dart slug is heavily wounded.
Casting: Foxfire (safe; 5% risk of failure)
Confirm with . or Enter, or press ? or * to list all spells.
You conjure some foxfire!
You now have 1/6 mp.
The foxfire hits the dart slug.
The dart slug is severely wounded.
Casting: Foxfire (safe; 5% risk of failure)
Confirm with . or Enter, or press ? or * to list all spells.
You conjure some foxfire!
The dart slug bites you.
You take 3 damage, and have 4/10 hp.
MASSIVE DAMAGE!!
You now have 1/6 mp.
Casting: Foxfire (safe; 5% risk of failure)
Confirm with . or Enter, or press ? or * to list all spells.
You conjure some foxfire!
The dart slug launches a dart at you. The slug dart hits you.
Ouch! That really hurt!
You die...

#.#..~.~≈~.~..#..##.##
#.#..§~≈_≈~...#..##.#
#.#...~≈.≈~...#..##.#
#.#...~.≈.~... ......
#.#..§.~.~.~.. .###.#
##.#§.§...~.~# .#
##..§.§§§.~.
##.#v...§# ##@#####.
##w....[. ...###. ...#
..... #..### ..# ..#


You could see a dart slug (ally target).

Vanquished Creatures
  A ball python (D:1)
  2 goblins
  A bat (D:1)
  A rat (D:1)
5 creatures vanquished.

Vanquished Creatures (others)
  38 foxfires
38 creatures vanquished.

Grand Total: 43 creatures vanquished

Notes
Turn   | Place    | Note
-------+----------+-------------------------------------------
     0 | D:1      | Psyclone the Deep Elf Fire Elementalist began the quest for
                  | the Orb.
     0 | D:1      | Reached XP level 1. HP: 10/10 MP: 6/6
   819 | D:2      | Found Weil's Book Boutique.
   855 | D:2      | Found a faded altar of an unknown god.
   895 | D:2      | Killed from afar by a dart slug

Illustrated notes

Levels and vault maps discovered:
D:1:      dpeg_arrival_lava_temple_mockup, layout_basic
D:2:      layout_loops_ring, shapermc_ecumenical_altar_starsandcircs,
          serial_shops, nicolae_shop_window_shopping

Action                   || total
-------------------------++-------
 Cast: Foxfire           ||    24
